 Dungeon Crawl Stone Soup version 0.24-a0-235-g3f03afcf10 (webtiles) character file.

Game seed: 430813149459782796

39 HAL9000 the Sneak (level 3, -6/18 HPs)
             Began as a Vine Stalker Assassin on Apr 5, 2019.
             Killed from afar by Sigmund (9 damage)
             ... with a puff of flame
             ... on level 2 of the Dungeon.
             The game lasted 00:03:24 (1373 turns).

HAL9000 the Sneak (Vine Stalker Assassin)           Turns: 1373, Time: 00:03:25

Health: -6/18      AC:  3    Str: 13    XL:     3   Next: 45%
Magic:  0/4        EV: 11    Int: 11    God:
Gold:   49         SH:  0    Dex: 16    Spells: 2/2 levels left

rFire    . . .     SeeInvis .   a - +2 dagger
rCold    . . .     Gourm    .   (no shield)
rNeg     . . .     Faith    .   c - +0 robe
rPois    .         Spirit   +   (no helmet)
rElec    .         Reflect  .   d - +0 cloak
rCorr    .         Harm     .   (no gloves)
MR       .....                  (no boots)
Stlth    +++.......             (no amulet)
HPRegen  0.06/turn              (no ring)
MPRegen  0.09/turn              (no ring)

@: no status effects
A: fangs 2, magic shield, antimagic bite, no potion heal 3, rot immunity
a: no special abilities


You were on level 2 of the Dungeon.
You were not hungry.

You visited 1 branch of the dungeon, and saw 2 of its levels.

You collected 49 gold pieces.

Inventory:

Hand Weapons
 a - a +2 dagger (weapon)
 b - a +0 blowgun
Missiles
 e - 4 poisoned needles
 h - 5 tomahawks (quivered)
Armour
 c - a +0 robe (worn)
 d - a +0 cloak (worn)
Jewellery
 k - a +4 ring of strength {unknown}
Scrolls
 i - 2 scrolls of identify {unknown}
 l - 3 scrolls of teleportation {unknown}
 n - a scroll of enchant armour {unknown}
Potions
 j - a potion of brilliance {unknown}
 m - a potion of agility {unknown}
 o - a potion of curing {unknown}
 p - a potion of ambrosia {unknown}
Comestibles
 g - 3 rations


   Skills:
 - Level 1.7 Fighting
 + Level 3.4 Short Blades
 - Level 1.7 Throwing
 - Level 0.7 Dodging
 - Level 4.8 Stealth


You had 2 spell levels left.
You didn't know any spells.
Your spell library was empty.

Dungeon Overview and Level Annotations

Branches:
Dungeon (2/15)

Altars:

Annotations:
D:2 Sigmund


Innate Abilities, Weirdness & Mutations

You have extremely sharp teeth.
When hurt, damage is shared between your health and your magic reserves.
Your bite disrupts and absorbs the magic of your enemies.
Potions cannot restore your health.
You are immune to rotting.


Message History

Sigmund closely misses you.
You hit Sigmund. You bite Sigmund.
Sigmund's magic leaks into the air.
You drain his magic.
You feel invigorated.
Sigmund is moderately wounded.
You hit Sigmund.
Sigmund is moderately wounded.
Sigmund gestures at you while chanting. The puff of flame hits you!
* * * LOW HITPOINT WARNING * * *
You hit Sigmund. You bite Sigmund, but do no damage.
Sigmund is heavily wounded.
Sigmund closely misses you.
You barely miss Sigmund.
Sigmund is heavily wounded.
You hit Sigmund but do no damage.
Sigmund is heavily wounded.
Sigmund casts a spell at you. The puff of flame hits you!
Ouch! That really hurt!
You die...

#.# #........#...........
#######.# ###...###..########.#
.{....r.# ##... ##.# #.. .#####.##
....# #.# #.. {# #.#########.##
##.# #.. .# #.#.......#..###.##
##. .# #.#.......#.....## #. ##
#.#.......#..#.## #.
#.+......)'@##.##### #.
###......)#@##.....# #.
#.......#(######.# #. #.......#(#
#.# #. #########(# #.# #.
#..######.# #.
###############.........########.
.....r........#.####......รท......
#########..<..#......#..########.


You could see Sigmund.

Vanquished Creatures
  A worm (D:2)
  A dart slug (D:1)
  A leopard gecko (D:2)
  4 bats
  2 giant cockroaches
  2 goblins (D:2)
  6 hobgoblins
  2 frilled lizards
  5 kobolds
  10 rats
34 creatures vanquished.

Notes
Turn   | Place    | Note
-------+----------+-------------------------------------------
     0 | D:1      | HAL9000 the Vine Stalker Assassin began the quest for the
                  | Orb.
     0 | D:1      | Reached XP level 1. HP: 11/11 MP: 2/2
   296 | D:1      | Reached XP level 2. HP: 10/15 MP: 1/3
   877 | D:2      | Reached XP level 3. HP: 16/18 MP: 4/4
  1092 | D:2      | Noticed Sigmund
  1373 | D:2      | Killed from afar by Sigmund

Levels and vault maps discovered:
D:1:      matt_arrival_refuge, layout_basic, due_unseen_surprise
D:2:      layout_loops_ring, kennysheep_generic_room_11, uniq_sigmund

Skill      XL: |  1  2 |
---------------+-------+-----
Short Blades   | 2 3 |  3.4
Fighting       | |  1.7
Throwing       | |  1.7
Dodging        | |  0.7
Stealth        | |  4.8

Action                   || total
-------------------------++-------
Melee: Dagger            ||    86
       Bite              ||    20
 Fire: Blowgun           ||     9
 Stab: Sleeping          ||     7
  Eat: Chunk             ||     1
Armor: Robe              ||     6
Dodge: Dodged            ||    40

Table legend:
 A = Non-vault XP
 B = Vault XP
 C = Vault XP percentage of total XP
 D = Non-vault monster count
 E = Vault monster count
 F = Vault count percentage of total count
                 A         B        C        D         E       F
            +---------+---------+-------+---------+---------+-------
      Total |      54 |       2 |   3.6 |      33 |       1 |   2.9
            +---------+---------+-------+---------+---------+-------
        D:1 |      33 |       0 |   0.0 |      22 |       0 |   0.0
        D:2 |      21 |       2 |   8.7 |      11 |       1 |   8.3
            +---------+---------+-------+---------+---------+-------
